 Dungeon Crawl Stone Soup version 0.24-a0-244-ga6a6ab7d13 (webtiles) character file.

Game seed: 13615651083274119500

2690 Redear the Skirmisher (level 9, -3/65 HPs)
             Began as an Octopode Berserker on Apr 11, 2019.
             Was a Priest of Trog.
             Slain by a hippogriff (6 damage)
             ... on level 8 of the Dungeon.
             The game lasted 00:09:58 (5833 turns).

Redear the Skirmisher (Octopode Berserker)          Turns: 5833, Time: 00:09:59

Health: -3/65      AC:  1    Str: 16    XL:     9   Next: 64%
Magic:  0/9        EV: 18    Int: 10    God:    Trog [***...]
Gold:   246        SH:  0    Dex: 14    Spells: 8/8 levels left

rFire    . . .     SeeInvis .   a - +0 falchion
rCold    . . .     Gourm    .   (no shield)
rNeg     . . .     Faith    .   (helmet restricted)
rPois    .         Spirit   +   j - amulet of guardian spirit {Spirit}
rElec    .         Reflect  .   g - ring of resist corrosion
rCorr    +         Harm     .   (no ring)
MR       .....                  (no ring)
Stlth    ++++......             (no ring)
HPRegen  0.20/turn              (no ring)
MPRegen  0.11/turn              (no ring)
                                (no ring)
                                (no ring)

@: no status effects
A: almost no armour, stealthy swim, amphibious, 8 rings, constrict 8, camouflage
1, gelatinous body 1
a: Berserk, Trog's Hand, Renounce Religion


You were on level 8 of the Dungeon.
You worshipped Trog.
Trog was most pleased with you.
You were very hungry.

You visited 1 branch of the dungeon, and saw 8 of its levels.

You collected 246 gold pieces.

Inventory:

Hand Weapons
 a - a +0 falchion (weapon)
 i - a +2 hunting sling of flaming
Missiles
 Z - a throwing net (quivered) {+f}
Jewellery
 g - a ring of resist corrosion (left tentacle)
 j - an amulet of guardian spirit (around mantle) {Spirit}
Wands
 u - a wand of random effects (14)
 O - a wand of clouds (5)
 P - a wand of paralysis (7)
Scrolls
 d - a scroll of enchant weapon {unknown}
 f - a scroll of fog {unknown}
 h - 3 scrolls of immolation
 l - a scroll of fear {unknown}
 m - 3 scrolls of amnesia
 o - 2 scrolls of enchant armour
 s - a scroll of blinking {unknown}
 x - a scroll of remove curse {unknown}
 M - 2 scrolls of magic mapping
 T - 2 scrolls of teleportation
Potions
 b - a potion of flight {unknown}
 c - 2 potions of might {unknown}
 e - a potion of brilliance {unknown}
 k - 2 potions of lignification {unknown}
 p - a potion of heal wounds {unknown}
 q - 4 potions of magic
 v - 2 potions of cancellation {unknown}
 Q - 5 potions of curing
Comestibles
 z - 9 rations


   Skills:
 + Level 7.6 Fighting
 + Level 7.6 Long Blades
 + Level 7.6 Dodging
 - Level 6.1 Stealth


You had 8 spell levels left.
You didn't know any spells.
Your spell library contained the following spells:

 Spells                   Type           Power        Failure   Level  Hunger
 Confusing Touch          Hex            #.....       36%         1    ##.....
 Confuse                  Hex            #.......     75%         3    ####...
 Gell's Gravitas          Tloc           #.........   75%         3    ####...
 Petrify                  Tmut/Erth      #.......     98%         4    #####..
 Metabolic Englaciation   Hex/Ice        #.........   100%        5    ######.
 Yara's Violent Unravell  Hex/Tmut       #.........   100%        5    ######.


Dungeon Overview and Level Annotations

Branches:
Dungeon (8/15)             Temple (0/1) D:5
   Lair: D:8-11

Altars:
Qazlal
Ru
Trog
Uskayaw
Wu Jian
Xom
Zin
The Shining One

Shops:
D:4 (


Innate Abilities, Weirdness & Mutations

You cannot wear most types of armour.
You are very stealthy in the water. (Stealth+)
You are amphibious.
You can wear up to eight rings at the same time.
You can use your tentacles to constrict eight enemies at once.
Your skin changes colour to match your surroundings (Stealth+).
Your rubbery body absorbs attacks. (AC +1, EV +1)


Message History

* * * LOW HITPOINT WARNING * * *
You are too injured to fight recklessly!
You are too injured to fight recklessly!
You take 31 damage, and have 13/65 hp.
MASSIVE DAMAGE!!
You now have 2/9 mp.
You are too injured to fight recklessly!
You are too injured to fight recklessly!
You are too injured to fight recklessly!
You are too injured to fight recklessly!
You are too injured to fight recklessly!
You are too injured to fight recklessly!
There are monsters nearby!
Unknown command.
Evoke which item? (* to show all) (? for menu, Esc to quit)
Okay, then.
Unknown command.
Okay, then.
The hippogriff bites you!
* * * LOW HITPOINT WARNING * * *
The hippogriff completely misses you. The hippogriff claws you!
You die...

#.##### ..## #####.#....
#.#...... #.......###
........ #.......# #..
..) #.......### .. ...
.......#....
#.##.##############
#..#.#............#
.######@#.#.##########.#
......H.....# #.#
########O.### #.# ....>#
#.# ####### #.# #.# #.#
#.# #.#


You could see a hippogriff and an ogre.

Vanquished Creatures
  Grinder (D:6)
  Sigmund (D:6)
  An ice beast (D:4)
  A black bear (D:7)
  2 orc warriors
  A necrophage (D:6)
  A phantom (D:7)
  A centaur (D:6)
  5 ogres
  A big kobold (D:4)
  4 bullfrogs
  2 scorpions
  2 crimson imps
  A centaur zombie (D:6)
  A hound (D:4)
  A gnoll shaman (D:7)
  2 orc wizards
  4 orc priests
  A centaur skeleton (D:7)
  4 bullfrog skeletons
  4 worker ants
  2 hound skeletons (D:6)
  5 gnolls
  A howler monkey skeleton (D:4)
  8 adders
  2 shadow imps
  An ooze (D:2)
  6 worms
  2 dart slugs
  6 leopard geckos
  18 orcs
  5 giant cockroaches
  8 goblins
  9 hobgoblins
  8 jackals
  2 quokkas
  7 bats
  5 frilled lizards
  6 kobolds
  A leopard gecko skeleton (D:4)
  7 rats
150 creatures vanquished.

Notes
Turn   | Place    | Note
-------+----------+-------------------------------------------
     0 | D:1      | Redear the Octopode Berserker began the quest for the Orb.
     0 | D:1      | Reached XP level 1. HP: 16/16 MP: 1/1
    59 | D:1      | Reached XP level 2. HP: 21/21 MP: 2/2
   135 | D:1      | Reached skill level 1 in Stealth
   765 | D:2      | Reached XP level 3. HP: 14/26 MP: 3/3
  1073 | D:2      | Reached skill level 2 in Stealth
  1198 | D:2      | Found an ornate altar of the Wu Jian Council.
  1281 | D:2      | Reached XP level 4. HP: 7/31 MP: 4/4
  1477 | D:2      | Reached ** piety under Trog
  1553 | D:2      | Found a bloodstained altar of Trog.
  1553 | D:2      | Found a glowing silver altar of Zin.
  2091 | D:3      | Found a hide-covered altar of Uskayaw.
  2146 | D:3      | Reached skill level 3 in Stealth
  2146 | D:3      | Reached XP level 5. HP: 33/37 MP: 5/5
  2160 | D:3      | Found a glowing golden altar of the Shining One.
  2446 | D:4      | Reached skill level 4 in Fighting
  2446 | D:4      | Reached skill level 4 in Long Blades
  2446 | D:4      | Reached skill level 4 in Dodging
  2618 | D:4      | Noticed a big kobold
  2628 | D:4      | Killed a big kobold
  2628 | D:4      | Reached XP level 6. HP: 43/43 MP: 6/6
  2840 | D:4      | Found Nanafo's Antique Weapon Shop.
  2847 | D:4      | Reached skill level 4 in Stealth
  3167 | D:4      | Noticed an ice beast
  3179 | D:4      | Killed an ice beast
  3179 | D:4      | Reached XP level 7. HP: 20/49 MP: 7/7
  3351 | D:4      | Found a sacrificial altar of Ru.
  3418 | D:5      | Entered Level 5 of the Dungeon
  3418 | D:5      | Found a shimmering altar of Xom.
  3459 | D:5      | Found a staircase to the Ecumenical Temple.
  3575 | D:5      | Reached *** piety under Trog
  3577 | D:5      | Reached skill level 5 in Stealth
  3895 | D:6      | Reached skill level 5 in Fighting
  3895 | D:6      | Reached skill level 5 in Long Blades
  3895 | D:6      | Reached skill level 5 in Dodging
  3924 | D:6      | Noticed Sigmund
  3934 | D:6      | Killed Sigmund
  3934 | D:6      | Reached skill level 6 in Stealth
  3934 | D:6      | Reached XP level 8. HP: 48/56 MP: 8/8
  4126 | D:6      | Reached skill level 6 in Fighting
  4126 | D:6      | Reached skill level 6 in Dodging
  4127 | D:6      | Found a stormy altar of Qazlal.
  4188 | D:6      | Reached skill level 6 in Long Blades
  4198 | D:6      | Noticed Grinder
  4209 | D:6      | Killed Grinder
  4461 | D:7      | Reached XP level 9. HP: 46/63 MP: 9/9
  4624 | D:7      | Reached skill level 7 in Fighting
  4624 | D:7      | Reached skill level 7 in Dodging
  4625 | D:7      | Reached skill level 7 in Long Blades
  5833 | D:8      | HP: 3/65 [hippogriff (10)]
  5833 | D:8      | Slain by a hippogriff

Levels and vault maps discovered:
D:1:      minmay_arrival_jagged, layout_loops_ring
D:2:      layout_loops_ring, old_standard_altar, minitemple
D:3:      layout_loops_ring, nicolae_tso_carved_into_rock,
          lemuel_coloured_pillars_altar, first_ration
D:4:      layout_loops_corners, lemuel_doored_altar, serial_shops,
          nicolae_shop_stone, hangedman_minor_gate_pass
D:5:      layout_cave_pools, xom_teletrap_fun, temple_fountains
D:6:      layout_rooms, marbit_many_paths, chequers_serial_rivers_small_3,
          uniq_grinder, uniq_sigmund
D:7:      layout_gridville
D:8:      layout_basic

Skill      XL: |  1  2  3  4  5  6  7  8  9 |
---------------+----------------------------+-----
Stealth        | 1 2 3 4 6 |  6.1
Fighting       | 4 5 6 7 |  7.6
Long Blades    | 4 5 6 7 |  7.6
Dodging        | 4 5 6 7 |  7.6

Action                   |  1- 3 |  4- 6 |  7- 9 || total
-------------------------+-------+-------+-------++-------
Melee: Falchion          |    53 |   116 |   184 ||   353
       Constrict         |    15 |    37 |    44 ||    96
       Tentacles         |    11 |    29 |    69 ||   109
Invok: Berserk           |       |     2 |     7 ||     9
       Trog's Hand       |       |     2 |     5 ||     7
  Use: Scroll            |       |       |     7 ||     7
 Stab: Sleeping          |     8 |    21 |    16 ||    45
  Eat: Chunk             |     1 |     8 |    16 ||    25
Armor: Skin              |     5 |     5 |     6 ||    16
Dodge: Dodged            |    30 |    63 |   122 ||   215
       Rpst.: Falchion   |     7 |    24 |    36 ||    67

Table legend:
 A = Non-vault XP
 B = Vault XP
 C = Vault XP percentage of total XP
 D = Non-vault monster count
 E = Vault monster count
 F = Vault count percentage of total count
                 A         B        C        D         E       F
            +---------+---------+-------+---------+---------+-------
      Total |    3044 |     800 |  20.8 |     141 |       9 |   6.0
            +---------+---------+-------+---------+---------+-------
        D:1 |      27 |       0 |   0.0 |      15 |       0 |   0.0
        D:2 |      74 |       0 |   0.0 |      24 |       0 |   0.0
        D:3 |      87 |       0 |   0.0 |      28 |       0 |   0.0
        D:4 |     225 |     297 |  56.9 |      13 |       6 |  31.6
        D:5 |     169 |       0 |   0.0 |       6 |       0 |   0.0
        D:6 |     906 |     503 |  35.7 |      19 |       3 |  13.6
        D:7 |    1415 |       0 |   0.0 |      29 |       0 |   0.0
        D:8 |     141 |       0 |   0.0 |       7 |       0 |   0.0
            +---------+---------+-------+---------+---------+-------
